 Dungeon Crawl Stone Soup version 0.30-a0-760-g5a9884bb7c (webtiles) character file.

Game seed: 4660172350770390517

87 holysushi the Insei (level 4, 0/27 HPs)
             Began as a Vampire Monk on Feb 11, 2023.
             Slain by a gnoll
             ... wielding a +0 flail
              (14 damage)
             ... on level 3 of the Dungeon.
             The game lasted 00:02:03 (2096 turns).

holysushi the Insei (Vampire Monk)                  Turns: 2096, Time: 00:02:03

Health: 0/27       AC:  0    Str:  9 (10) XL:     4   Next: 28%
Magic:  4/4        EV: 21    Int: 11 (12) God:
Gold:   603        SH:  0    Dex: 21 (23) Spells: 3/3 levels left

rFire   . . .      SeeInvis +      - Unarmed
rCold   + + .      Faith    .    (shield currently unavailable)
rNeg    + + +      Spirit   .    (body armour currently unavailable)
rPois   ∞          Reflect  .    (helmet currently unavailable)
rElec   .          Harm     .    (cloak currently unavailable)
rCorr   .          Rampage  .    (gloves currently unavailable)
Will    .....                    (boots currently unavailable)
Stlth   +++++                    (no amulet)
HPRegen 0.00/turn                (ring currently unavailable)
MPRegen 0.09/turn                (ring currently unavailable)

@: bat-form, flying, bloodless, inhibited regen, very quick
A: fast, flying, no casting, tiny, bloodless, fangs 3, see invisible, vampiric 2
a: Revivify, End Transformation


You were on level 3 of the Dungeon.
You were a vampire bat.
You visited 1 branch of the dungeon, and saw 3 of its levels.

You collected 603 gold pieces.

Inventory:

Armour
 a - a +0 robe (melded)
Scrolls
 e - a scroll of teleportation {unknown}
 i - a scroll of immolation {unknown}
 j - a scroll of identify {unknown}
 k - 2 scrolls of magic mapping {unknown}
Potions
 b - a potion of ambrosia
 c - a potion of invisibility {unknown}
 d - a potion of heal wounds {unknown}
 f - a potion of brilliance {unknown}
 g - 2 potions of degeneration {unknown}
 h - a potion of magic {unknown}


   Skills:
 - Level 2.6 Fighting
 - Level 3.2 Dodging
 - Level 3.0 Stealth
 + Level 5.7 Unarmed Combat


You had 3 spell levels left.
You didn't know any spells.
Your spell library was empty.

Dungeon Overview and Level Annotations

Branches:
Dungeon (3/15) Zot: 16271

Altars:
Nemelex Xobeh

Annotations:
D:2 1 runed translucent door, Crazy Yiuf


Innate Abilities, Weirdness & Mutations

You are a vampire bat.
You are tiny and dextrous.
You move quickly.
You are flying.
You are immune to poison.
Your equipment is almost entirely melded.
You are incapable of wielding weapons or throwing items.
You cannot cast spells.
You do not regenerate when monsters are visible.
You are frail without blood (-20% HP).
You can heal yourself when you bite living creatures.
You are immune to poison.
You have razor-sharp teeth.
You have supernaturally acute eyesight. (SInv)
You are afflicted with vampirism and can become a bat while bloodless.


Message History

The gnoll is severely wounded.
The gnoll misses you.
You hit the gnoll.
You kill the gnoll!
You feel your strength returning.
No target in view!
No target in view!
You start resting.
A gnoll is nearby!
A gnoll is nearby!
A gnoll is nearby!
A gnoll is nearby!
A gnoll is nearby!
You see here a +0 flail.
You barely miss the gnoll.
The gnoll shouts!
You bite the gnoll.
You draw the gnoll's blood!
You feel better.
The gnoll is moderately wounded.
The gnoll closely misses you.
You swing at nothing.
You swing at nothing.
You swing at nothing.
You hit the gnoll.
The gnoll is heavily wounded.
The gnoll completely misses you.
You hit the gnoll.
The gnoll is heavily wounded.
The gnoll hits you with a +0 flail!
You swing at nothing.
You hit the gnoll.
The gnoll is severely wounded.
The gnoll completely misses you.
You swing at nothing.
You see here a +0 spear.
You hit the gnoll.
The gnoll is almost dead.
The gnoll closely misses you. The gnoll hits you with a +0 flail!
Ouch! That really hurt!
You die...

#..............##.##.... .
...g.............)......# #.
.........)...#.......... #...
.....##.....##.........# ....
###############...####.# #..##
#######...#####..#####.....
#..........##.(..........##
#######...................<......
............<...bg...............
.......###......#................
.......#...#####......(..........
.........### #.........)..####..
........## #..........##......#
.......## #...................
.......# #..........#########
...>...# ...........# .......#
###########


You could see a gnoll.

Vanquished Creatures
  2 gnolls
  2 adders (D:3)
  A white imp (D:3)
  A dart slug (D:1)
  An orc (D:3)
  2 endoplasms (D:2)
  3 giant cockroaches (D:1)
  5 goblins
  5 hobgoblins
  5 kobolds
  2 quokkas
  5 ball pythons
  3 bats
  A frilled lizard (D:1)
  3 rats
41 creatures vanquished.

Notes
Turn   | Place    | Note
-------+----------+-------------------------------------------
     0 | D:1      | holysushi the Vampire Monk began the quest for the Orb.
     0 | D:1      | Reached XP level 1. HP: 17/17 MP: 1/1
     6 | D:1      | Noticed a swamp drake
     6 | D:1      | Noticed a salamander
     7 | D:1      | Noticed a polar bear
    89 | D:1      | Reached XP level 2. HP: 23/23 MP: 2/2
    94 | D:1      | Reached skill level 4 in Unarmed Combat
   809 | D:1      | Identified a scroll of acquirement
   809 | D:1      | Acquired 457 gold pieces
   839 | D:2      | Gained mutation: You are afflicted with vampirism and can
                  | become a bat while bloodless. [Vampire growth]
   839 | D:2      | Reached XP level 3. HP: 28/28 MP: 3/3
   924 | D:2      | Found a runed translucent door.
   925 | D:2      | Noticed Crazy Yiuf
  1590 | D:3      | Found a sparkling altar of Nemelex Xobeh.
  1642 | D:3      | Reached skill level 5 in Unarmed Combat
  1956 | D:2      | Reached XP level 4. HP: 19/27 MP: 4/4
  2096 | D:3      | Slain by a gnoll

Illustrated notes

Levels and vault maps discovered:
D:1:      onia_arrival_zoo_common, layout_basic
D:2:      layout_loops_ring, grunt_ministairs_1, nicolae_underground_beach,
          uniq_crazy_yiuf_cottage
D:3:      layout_rooms, lightli_temple_of_fire, nicolae_tso_swordbearing_angel,
          mainiacjoe_overflow_small_starburst, minmay_misc_feat_rows

Skill      XL: |  1  2  3 |
---------------+----------+-----
Unarmed Combat | 4 5 |  5.7
Fighting       | |  2.6
Dodging        | |  3.2
Stealth        | |  3.0

Action                     |  1- 3 |  4- 6 || total
---------------------------+-------+-------++-------
  Melee: Unarmed           |   116 |    10 ||   126
         Bite              |    17 |     2 ||    19
         Punch             |     3 |       ||     3
Ability: Bat Form          |     1 |       ||     1
         Exsanguinate      |     1 |       ||     1
    Use: Scroll            |     2 |       ||     2
   Stab: Sleeping          |    13 |       ||    13
         Distracted        |       |     1 ||     1
 Armour: Robe              |     7 |       ||     7
  Dodge: Dodged            |    78 |     7 ||    85

Table legend: (Time is in decaauts)
 A = Elapsed time spent in this place.
 B = Non-inter-level travel time spent in this place.
 C = Inter-level travel time spent in this place.
 D = Time resting spent in this place.
 E = Time spent auto-exploring this place.
 F = Levels seen in this place.
 G = Mean time per level.
                   A        B        C        D        E       F      G
               +--------+--------+--------+--------+--------+-----+--------+
         Total |   1727 |   1665 |     62 |    145 |   1115 |   3 |  575.7 |
       Dungeon |   1727 |   1665 |     62 |    145 |   1115 |   3 |  575.7 |
               +--------+--------+--------+--------+--------+-----+--------+

Top non-repeatable levels by time:
     D:1: 818 daAuts
     D:2: 692 daAuts
     D:3: 216 daAuts
